 Dungeon Crawl Stone Soup version 0.29-a0-6-ga859fcf985 (webtiles) character file.

Game seed: 4124676563284962074

26721 Ijustatesigmund the Fighter (level 13, -27/90 HPs)
             Began as a Gargoyle Fighter on Jan 27, 2022.
             Was a Priest of Cheibriados.
             Annihilated by a titanic slime creature (75 damage)
             ... on level 12 of the Dungeon.
             The game lasted 00:24:21 (19265 turns).

Ijustatesigmund the Fighter (Gargoyle Fighter)     Turns: 19265, Time: 00:24:21

Health: -27/90     AC: 33    Str: 31    XL:     13   Next: 27%
Magic:  22/22      EV:  8    Int: 17    God:    Cheibriados [***...]
Gold:   1269       SH: 10    Dex: 19    Spells: 12/12 levels left

rFire   . . .      SeeInvis .   a - +1 morningstar (protect)
rCold   . . .      Faith    .   c - +0 kite shield
rNeg    + . .      Spirit   .   b - +0 chain mail
rPois   ∞          Reflect  .   i - +2 helmet
rElec   +          Harm     .   E - +1 cloak
rCorr   .          Rampage  .   (no gloves)
Will    .....                   B - +0 pair of boots
Stlth   ..........              (no amulet)
HPRegen 0.25/turn               (no ring)
MPRegen 0.18/turn               (no ring)

@: under a protective aura, very slow
A: sickness immunity, AC +9, negative energy resistance 1, electricity
resistance, torment resistance 1, petrification resistance
a: Renounce Religion, Bend Time, Temporal Distortion


You were on level 12 of the Dungeon.
You worshipped Cheibriados.
Cheibriados was most pleased with you.
You visited 1 branch of the dungeon, and saw 14 of its levels.
You also visited: Sewer.

You collected 1269 gold pieces.

Inventory:

Hand Weapons
 a - a +1 morningstar of protection (weapon)
 r - the +7 mace "Qijab" {venom, Str+4}
   (You found it on level 3 of the Dungeon)

   It poisons the flesh of those it strikes.
   Str:       It affects your strength (+4).
Armour
 b - a +0 chain mail (worn)
 c - a +0 kite shield (worn)
 i - a +2 helmet (worn)
 z - the +5 scale mail of the Fife {+Blink rElec rF-}
   (You found it on level 13 of the Dungeon)

   rF:        It makes you vulnerable to fire.
   rElec:     It insulates you from electricity.
   +Blink:    It lets you blink.
 B - a +0 pair of boots (worn)
 E - a +1 cloak (worn)
Jewellery
 q - an amulet of guardian spirit
 w - a ring of fire
 D - a ring of fire
Wands
 n - a wand of iceblast (5)
 o - a wand of digging (5)
 s - a wand of flame (29)
Scrolls
 g - a scroll of brand weapon
 m - a scroll of fear
 p - 3 scrolls of immolation
 t - 2 scrolls of amnesia
 y - a scroll of fog
 A - 2 scrolls of magic mapping
 C - 2 scrolls of identify
Potions
 d - 2 potions of might
 e - 3 potions of attraction
 h - 8 potions of curing
 j - a potion of resistance
 k - a potion of mutation
 l - 3 potions of flight
 u - a potion of ambrosia
 v - 2 potions of brilliance
 x - a potion of berserk rage


   Skills:
 + Level 14.1 Fighting
 + Level 13.1 Maces & Flails
 - Level 5.7 Armour
 - Level 2.0 Dodging
 - Level 4.5 Shields
 + Level 12.6 Invocations


You had 12 spell levels left.
You didn't know any spells.
Your spell library contained the following spells:

 Spells                   Type           Power      Damage    Failure   Level
 Freeze                   Ice            0%         1d3       97%         1
 Ensorcelled Hibernation  Hex/Ice        0%         N/A       99%         2
 Passwall                 Tmut/Erth      0%         N/A       99%         2
 Frozen Ramparts          Ice            0%         1d2       100%        3
 Swiftness                Air            0%         N/A       100%        3
 Hailstorm                Conj/Ice       0%         3d3       100%        4
 Alistair's Intoxication  Tmut/Pois      0%         N/A       100%        5
 Borgnjor's Vile Clutch   Necr/Erth      0%         N/A       100%        5
 Eringya's Noxious Bog    Tmut/Pois      0%         N/A       100%        6


Dungeon Overview and Level Annotations

Branches:
Dungeon (14/15)            Temple (0/1) D:5            Lair (0/6) D:9
    Orc (0/2) D:9           Sewer (visited)
 Vaults: D:13-14

Altars:
Cheibriados
Elyvilon
Hepliaklqana
Kikubaaqudgha
Sif Muna
Uskayaw
Vehumet
Xom
Yredelemnul
The Shining One

Shops:
D:3 (   D:7 =   D:9 ([


Innate Abilities, Weirdness & Mutations

You are immune to sickness and miasma.
Your stone body is resilient. (AC +9)
You are immune to poison.
You resist negative energy. (rN+)
You are resistant to electric shocks. (rElec)
You are resistant to unholy torment.
You are immune to petrification.


Message History

Two slime creatures merge to form a large slime creature.
The slime creature quivers.
The slime creature quivers.
You hammer the large slime creature like a gong!!!
Your weapon exudes an aura of protection.
The large slime creature is moderately wounded.
The large slime creature hits you!
You block the large slime creature's attack.
You hit the large slime creature but do no damage.
The large slime creature is moderately wounded.
The large slime creature hits you!
You impale the large slime creature!!
The large slime creature is heavily wounded.
The large slime creature hits you.
You hit the large slime creature.
The large slime creature is heavily wounded.
Two slime creatures merge to form a very large slime creature.
You puncture the very large slime creature!
The very large slime creature is heavily wounded.
Two slime creatures merge to form a large slime creature.
The very large slime creature hits you!
You impale the very large slime creature!!
The very large slime creature is heavily wounded.
You pound the very large slime creature like an anvil!!!
The very large slime creature is severely wounded.
The very large slime creature hits you but does no damage.
Two slime creatures merge to form a titanic slime creature.
You barely miss the titanic slime creature.
The titanic slime creature is heavily wounded.
You barely miss the titanic slime creature.
The titanic slime creature is heavily wounded.
You block the titanic slime creature's attack.
You impale the titanic slime creature!!
The titanic slime creature is heavily wounded.
You block the titanic slime creature's attack.
You sock the titanic slime creature!
The titanic slime creature is heavily wounded.
The titanic slime creature hits you!!!!
Ouch! That really hurt!
You die...

#.# ######.# #####
#......# ....#
#.####.#
###########'## #.#
#........# #.#
#........# #.#
#........# #J#
##........# #@#
#.(.......# #.#
##........# #.#
#######.## ### #.#
### #.# ..# #.#
#.#########.########
.............).....#


You could see a titanic slime creature.

Vanquished Creatures
  Josephine (D:11)
  A hydra (D:12)
  A vault guard (D:13)
  2 two-headed ogres
  Urug (D:13)
  A deep elf knight (D:13)
  6 skeletal warriors
  2 cyclopes
  An ugly thing (D:13)
  2 manticores
  2 gargoyles
  A kobold demonologist (D:10)
  An unseen horror (D:12)
  2 komodo dragons (D:10)
  6 trolls
  A hornet (D:8)
  11 slime creatures
  4 wraiths
  A vampire (D:10)
  22 yaks
  2 wyverns
  A basilisk (D:9)
  Duvessa (D:7)
  4 water moccasins
  An ice beast (D:6)
  A sky beast (D:5)
  A black bear (D:9)
  4 orc warriors
  8 necrophages
  2 ogres
  A centaur (D:7)
  3 phantoms
  2 kobold brigands
  2 bullfrogs
  The ghost of brandma555 the Gusty, an amateur TeAE (D:3)
  2 gnoll sergeants
  A scorpion (D:6)
  A water moccasin zombie (D:6)
  4 killer bees (D:8)
  2 water moccasin skeletons
  Dowan (D:7)
  16 wights
  2 howler monkeys (D:10)
  6 hounds
  11 centaur zombies
  4 orc priests
  Crazy Yiuf (D:3)
  2 centaur skeletons
  3 jellies (D:6)
  Natasha (D:3)
  7 orc wizards
  A hound zombie (D:5)
  A hound skeleton (D:5)
  2 mummies (D:11)
  A howler monkey zombie (D:9)
  10 gnolls
  6 adders
  2 river rats (Sewer)
  A shadow imp (D:6)
  2 white imps
  An ufetubus (D:5)
  A worm (D:5)
  43 orcs
  3 ball pythons
  6 endoplasms
  A giant cockroach (D:3)
  9 goblins
  6 hobgoblins
  2 bats (D:1)
  3 frilled lizards (D:1)
  21 kobolds
  6 rats
295 creatures vanquished.

Vanquished Creatures (others)
  A withered plant (D:11)
1 creature vanquished.

Grand Total: 296 creatures vanquished

Notes
Turn   | Place    | Note
-------+----------+-------------------------------------------
     0 | D:1      | Ijustatesigmund the Gargoyle Fighter began the quest for
                  | the Orb.
     0 | D:1      | Reached XP level 1. HP: 14/14 MP: 1/1
   371 | D:1      | Reached XP level 2. HP: 19/19 MP: 2/2
   465 | D:1      | Reached XP level 3. HP: 24/24 MP: 3/3
  1353 | D:2      | Reached skill level 4 in Fighting
  1366 | D:2      | Found a faded altar of an unknown god.
  1627 | D:3      | Reached XP level 4. HP: 29/29 MP: 4/4
  1706 | D:3      | Found a runed translucent door.
  1735 | D:3      | Noticed a bullfrog
  1736 | D:3      | Noticed brandma555's ghost (amateur TeAE)
  1888 | D:3      | Found Oxubi's Antique Weapon Shop.
  2018 | D:3      | Noticed a phantom
  2031 | D:3      | Killed a phantom
  2032 | D:3      | Reached XP level 5. HP: 34/34 MP: 5/5
  2063 | D:3      | Noticed Natasha
  2068 | D:3      | Killed Natasha
  2547 | D:4      | Noticed a phantom
  2585 | D:4      | Killed a phantom
  2586 | D:4      | Reached XP level 6. HP: 11/40 MP: 6/6
  2941 | D:4      | Found a snail-covered altar of Cheibriados.
  3016 | D:4      | Reached skill level 5 in Fighting
  3016 | D:4      | Reached skill level 5 in Maces & Flails
  3920 | D:5      | Entered Level 5 of the Dungeon
  3925 | D:5      | Found a staircase to the Ecumenical Temple.
  3952 | D:5      | Found a white marble altar of Elyvilon.
  4282 | D:5      | Reached XP level 7. HP: 27/44 MP: 7/7
  4439 | D:5      | Found a glowing drain.
  4447 | Sewer    | Entered a sewer
  4940 | Sewer    | Found a white marble altar of Elyvilon.
  5140 | D:5      | Found an ancient bone altar of Kikubaaqudgha.
  5229 | D:5      | Reached skill level 6 in Fighting
  5229 | D:5      | Reached skill level 5 in Armour
  5770 | D:3      | Found a runed translucent door.
  5771 | D:3      | Noticed Crazy Yiuf
  5776 | D:3      | Killed Crazy Yiuf
  5783 | D:3      | Identified the +7 mace "Qijab" {venom, Str+4}
  5785 | D:3      | Identified the +4 mace "Quehuonn" {antimagic, Int+3}
  5906 | D:2      | Reached XP level 8. HP: 38/52 MP: 8/8
  6101 | D:3      | Killed brandma555's ghost
  6141 | D:4      | Became a worshipper of Cheibriados the Contemplative
  6263 | D:6      | Reached skill level 1 in Invocations
  6449 | D:6      | Noticed a +0 spear
  6450 | D:6      | Noticed a +0 falchion
  6450 | D:6      | Noticed a +0 short sword
  6451 | D:6      | Noticed a +0 dagger
  6451 | D:6      | Noticed a +0 dagger
  6451 | D:6      | Noticed a +0 falchion
  6451 | D:6      | Noticed a +0 short sword
  6452 | D:6      | Noticed a +0 spear
  6458 | D:6      | Reached skill level 7 in Fighting
  6500 | D:6      | Found a hide-covered altar of Uskayaw.
  6839 | D:6      | Reached XP level 9. HP: 43/58 MP: 11/11
  6930 | D:6      | Reached * piety under Cheibriados
  6965 | D:6      | Reached skill level 8 in Fighting
  7488 | D:6      | Reached skill level 5 in Invocations
  8035 | D:7      | Noticed Dowan
  8036 | D:7      | Noticed Duvessa
  8047 | D:7      | Killed Duvessa
  8047 | D:7      | Reached ** piety under Cheibriados
  8060 | D:7      | Killed Dowan
  8174 | D:7      | Found Ocuiq's Jewellery Shop.
  8187 | D:7      | Reached skill level 9 in Fighting
  8547 | D:8      | Noticed a troll
  8547 | D:8      | Found a hazy altar of Hepliaklqana.
  8559 | D:8      | Killed a troll
  8560 | D:8      | Reached XP level 10. HP: 60/66 MP: 8/14
  8834 | D:8      | Reached *** piety under Cheibriados
  9344 | D:9      | Reached skill level 10 in Fighting
  9499 | D:9      | Noticed a two-headed ogre
  9501 | D:9      | Found Giczi's Armour Shop.
  9501 | D:9      | Found a staircase to the Orcish Mines.
  9511 | D:10     | Entered Level 10 of the Dungeon
  9556 | D:10     | Noticed a two-headed ogre
  9568 | D:10     | Killed a two-headed ogre
 10644 | D:10     | Found a shimmering altar of Xom.
 10648 | D:10     | Found a basalt altar of Yredelemnul.
 10653 | D:10     | Found a radiant altar of Vehumet.
 10797 | D:11     | Noticed a cyclops
 10809 | D:10     | Reached skill level 10 in Maces & Flails
 10809 | D:10     | Reached skill level 1 in Dodging
 11082 | D:9      | Reached XP level 11. HP: 63/73 MP: 17/17
 11093 | D:9      | Killed a two-headed ogre
 11205 | D:9      | Found a staircase to the Lair.
 11216 | D:9      | Found Ojaw's Weapon Shop.
 11345 | D:9      | Reached **** piety under Cheibriados
 11355 | D:9      | Reached skill level 11 in Fighting
 11841 | D:9      | Identified the +1 ring mail "Luifuih" {Drain rPois Slay+5}
 12379 | D:9      | Found a shimmering blue altar of Sif Muna.
 12847 | D:11     | Killed a cyclops
 12893 | D:11     | Reached ***** piety under Cheibriados
 13090 | D:11     | Reached skill level 10 in Invocations
 13092 | D:11     | Reached skill level 12 in Fighting
 13094 | D:11     | Noticed a manticore
 13218 | D:10     | Killed a manticore
 13412 | D:11     | Reached XP level 12. HP: 79/81 MP: 19/19
 13851 | D:11     | Identified a scroll of acquirement
 13851 | D:11     | Acquired 616 gold pieces
 13922 | D:12     | Noticed Josephine
 14094 | D:12     | Noticed an eight-headed hydra
 14097 | D:12     | Noticed Urug
 14852 | D:13     | Found a glowing golden altar of the Shining One.
 14903 | D:13     | Reached skill level 13 in Fighting
 15214 | D:13     | Killed Urug
 15965 | D:11     | Killed Josephine
 17397 | D:13     | Reached XP level 13. HP: 60/89 MP: 22/22
 17813 | D:13     | Identified the +5 scale mail of the Fife {+Blink rElec rF-}
 17930 | D:13     | Noticed a vault guard
 18339 | D:13     | Noticed a vault guard
 18362 | D:13     | Killed a vault guard
 18443 | D:13     | Reached skill level 14 in Fighting
 19265 | D:12     | Annihilated by a titanic slime creature

Illustrated notes

Levels and vault maps discovered:
D:1:      dpeg_arrival_rooms_with_view, layout_loops_ring
D:2:      layout_basic, dreamdust_ecumenical_altar_angels_and_demons
D:3:      layout_loops_corners, serial_shops, shop, ebering_ghost_sewer_d,
          minmay_ruptured, uniq_natasha, uniq_crazy_yiuf_cottage
D:4:      minmay_door_path, layout_loops_ring, amcnicky_altar_gilded,
          chequers_serial_rivers_small_a
D:5:      layout_basic, lemuel_tele_altar, mainiacjoe_overflow_catwalk,
          minmay_temple_entry_grid, cheibrodos_sewer_entry_bend
D:6:      minmay_angry_zag, layout_basic, nicolae_uskayaw_en_pointe,
          serial_corexii_hall, corexii_hall_statues_i, corexii_hall_statues_l
D:7:      layout_rooms, serial_shops, nicolae_shop_crystal, uniq_duvessa
D:8:      layout_basic, lemuel_round_altar
D:9:      layout_small_grid, lemuel_doored_altar, david_lair_generic,
          orc_david_3
D:10:     layout_cave_pools, grunt_temple_overflow_diamond,
          corexii_hall_statues_x
D:11:     layout_rooms, serial_undead, serial_undead_d, serial_undead_b,
          serial_undead_b, serial_undead_c, serial_undead_a, serial_undead_a,
          serial_undead_f, serial_undead_a, serial_undead_a, serial_undead_a
D:12:     layout_basic, kennysheep_path_1, uniq_josephine, uniq_urug
D:13:     layout_small_grid, grunt_vaults_entry_fortified, drop_trap,
          nicolae_tso_carved_into_rock, uniq_nessos
D:14:     layout_basic, hellmonk_ghost_happy_afterlife, evilmike_ruin_ashenzari

Skill      XL: |  1  2  3  4  5  6  7  8  9 10 11 12 13 |
---------------+----------------------------------------+-----
Maces & Flails | 3 4 5 6 7 8 10 11 12 13 | 13.1
Fighting       | 4 5 6 7 9 10 12 13 14 | 14.1
Armour         | 4 5 |  5.7
Invocations    | 3 6 8 10 12 | 12.6
Dodging        | 1 2 |  2.0
Shields        | 4 |  4.5

Action                   |  1- 3 |  4- 6 |  7- 9 | 10-12 | 13-15 || total
-------------------------+-------+-------+-------+-------+-------++-------
Melee: Flail             |    98 |   109 |       |       |       ||   207
       Morningstar       |       |    38 |   401 |   673 |   109 ||  1221
Invok: Bend Time         |       |       |     2 |     5 |     4 ||    11
       Slouch            |       |       |       |     2 |     1 ||     3
       Step From Time    |       |       |       |     1 |       ||     1
Evoke: Wand              |       |       |       |     1 |     1 ||     2
  Use: Scroll            |     5 |     1 |    11 |    14 |     1 ||    32
       Potion            |       |       |     2 |     2 |     1 ||     5
Armor: Scale mail        |    60 |    99 |   348 |   132 |       ||   639
       Chain mail        |       |       |       |   438 |    68 ||   506
Dodge: Dodged            |    34 |    83 |   241 |   291 |    34 ||   683
Block: Buckler           |    24 |    30 |   104 |   115 |       ||   273
       Kite shield       |       |       |       |   234 |    60 ||   294

Table legend: (Time is in decaauts)
 A = Elapsed time spent in this place.
 B = Non-inter-level travel time spent in this place.
 C = Inter-level travel time spent in this place.
 D = Time resting spent in this place.
 E = Time spent auto-exploring this place.
 F = Levels seen in this place.
 G = Mean time per level.
                   A        B        C        D        E       F      G
               +--------+--------+--------+--------+--------+-----+--------+
         Total |  22295 |  21279 |   1016 |   6393 |  11447 |  15 | 1486.3 |
       Dungeon |  21719 |  20703 |   1016 |   6037 |  11327 |  14 | 1551.4 |
         Sewer |    575 |    575 |      0 |    356 |    119 |   1 |  575.0 |
               +--------+--------+--------+--------+--------+-----+--------+

Top non-repeatable levels by time:
    D:10: 3051 daAuts
    D:13: 2530 daAuts
    D:12: 2325 daAuts
     D:9: 2277 daAuts
    D:11: 2001 daAuts
     D:6: 1759 daAuts
     D:4: 1740 daAuts
     D:3: 1240 daAuts
     D:5: 1101 daAuts
     D:1: 981 daAuts
     D:8: 970 daAuts
     D:7: 963 daAuts
     D:2: 775 daAuts
   Sewer: 575 daAuts
    D:14: 1 daAuts
